 Dungeon Crawl Stone Soup version 0.31-a0-1042-ga9834b393d (webtiles) character file.

Game seed: 1419250657593106304

161 Maratek the Chopper (level 5, 0/47 HPs)
             Began as a Minotaur Cinder Acolyte on Nov 20, 2023.
             Was a High Priest of Ignis.
             Slain by an ogre
             ... wielding a +0 giant club
              (15 damage)
             ... on level 4 of the Dungeon.
             The game lasted 00:02:44 (2114 turns).

Maratek the Chopper (Minotaur Cinder Acolyte)       Turns: 2114, Time: 00:02:45

Health: 0/47       AC: 13    Str: 21    XL:     5   Next: 19%
Magic:  5/5        EV: 15    Int: 11    God:    Ignis [*****.]
Gold:   235        SH:  0    Dex:  5    Spells: 6/6 levels left

rFire   + . .        a - -1 hand axe (flame)
rCold   . . .        (no shield)
rNeg    . . .        n - +0 scale mail
rPois   .            (helmet restricted)
rElec   .            (no cloak)
rCorr   .            (no gloves)
SInv    .            (no boots)
Will    .....        (no amulet) Stlth
                     c - +5 ring of evasion
HPRegen 0.27/turn    (no ring)
MPRegen 0.09/turn

%: no passive effects
@: fiery-armoured
A: horns 2, retaliatory headbutt
a: Renounce Religion, Fiery Armour, Foxfire Swarm, Rising Flame


You were on level 4 of the Dungeon.
You worshipped Ignis.
Ignis was extremely pleased with you.
You visited 1 branch of the dungeon, and saw 4 of its levels.

You collected 235 gold pieces.

Inventory:

Hand Weapons
 a - a -1 hand axe of flaming (weapon)
Armour
 n - a +0 scale mail (worn)
Jewellery
 c - a +5 ring of evasion (left hand)
Scrolls
 l - a scroll of enchant armour
 o - 2 scrolls of noise
Potions
 d - 3 potions of haste
 e - a potion of resistance
 f - a potion of mutation {unknown}
 g - a potion of curing {unknown}
 h - 2 potions of ambrosia {unknown}
 i - a potion of enlightenment {unknown}
 j - 3 potions of heal wounds {unknown}
 k - 2 potions of cancellation {unknown}


   Skills:
 + Level 4.7 Fighting
 + Level 5.3 Axes
 + Level 0.1 Armour
 + Level 2.4 Dodging
 + Level 1.0 Spellcasting
 + Level 2.5 Fire Magic


You had 6 spell levels left.
You didn't know any spells.
Your spell library contained the following spells:

 Spells                   Type           Power      Damage    Failure   Level
 Scorch                   Fire           12%        2d5       45%         2


Dungeon Overview and Level Annotations

Branches:
Dungeon (4/15)
 Temple: D:4-7

Altars:
Fedhas


Innate Abilities, Weirdness & Mutations

You have a pair of horns on your head.
You reflexively headbutt those who attack you in melee.


Message History

The orc priest is heavily wounded.
You barely miss the orc priest. You barely miss the ogre.
The orc priest misses you. The orc priest closely misses you.
You slash the orc priest! You burn the orc priest.
You kill the orc priest!
You hit the ogre. You burn the ogre.
You hit the orc priest but do no damage.
The ogre misses you.
The orc priest hits you but does no damage.
Your Dodging skill increases to level 2!
You have reached level 5!
You barely miss the ogre.
You headbutt the ogre, but do no damage.
The ogre is lightly wounded.
You hit the orc priest but do no damage.
Unknown command.
You closely miss the orc.
The orc is severely wounded.
You hit the ogre but do no damage. You barely miss the orc priest.
The ogre hits you with a +0 giant club. The orc priest misses you.
The orc completely misses you. You furiously retaliate!
You headbutt the orc.
You kill the orc!
Unknown command.
You hit the ogre. You burn the ogre.
The ogre is heavily wounded.
You hit the orc priest but do no damage.
The ogre hits you with a +0 giant club!!
Ouch! That really hurt!
* * * LOW HITPOINT WARNING * * *
The orc priest hits you but does no damage.
You are too injured to fight recklessly!
Unknown command.
You are too injured to fight recklessly!
A protective cloak of flame settles atop you.
The orc priest barely misses you.
You hit the ogre but do no damage. You headbutt the ogre!
The ogre is severely wounded.
You hit the orc priest but do no damage.
The ogre hits you with a +0 giant club!
You die...

#+##
####...###+##
#..)...<....#
+...........+
#.........?.#
#......###@o#
####+## #O)#
%....
#.......
#.......#
#.......#
#.......#
#.......#


You could see an ogre and an orc priest.

Vanquished Creatures
  2 orc priests (D:4)
  An orc wizard (D:3)
  2 adders
  2 ufetubi (D:3)
  A worm (D:2)
  4 orcs
  4 bats
  5 endoplasms
  2 giant cockroaches (D:1)
  A hobgoblin (D:3)
  2 quokkas
  5 ball pythons
  3 frilled lizards
  3 goblins
  6 kobolds
  4 rats
47 creatures vanquished.

Notes
Turn   | Place    | Note
-------+----------+-------------------------------------------
     0 | D:1      | Maratek the Minotaur Cinder Acolyte began the quest for the
                  | Orb.
     0 | D:1      | Reached XP level 1. HP: 19/19 MP: 1/1
   286 | D:1      | Reached skill level 4 in Axes
   286 | D:1      | Reached XP level 2. HP: 27/27 MP: 2/2
   897 | D:2      | Reached XP level 3. HP: 25/34 MP: 3/3
  1168 | D:2      | Found a faded altar of an unknown god.
  1357 | D:3      | Reached skill level 5 in Axes
  1357 | D:3      | Reached XP level 4. HP: 38/41 MP: 4/4
  1516 | D:3      | Found a blossoming altar of Fedhas.
  1554 | D:3      | Identified the +1 leather armour of Hopscotch {rF+}
  2101 | D:4      | Noticed an ogre
  2107 | D:4      | Reached skill level 1 in Dodging
  2110 | D:4      | Reached XP level 5. HP: 41/47 MP: 5/5
  2114 | D:4      | Slain by an ogre

Illustrated notes

Levels and vault maps discovered:
D:1:      noname_arrival_rooms_in_the_neighbourhood, layout_basic
D:2:      layout_loops_cross, dreamdust_ecumenical_altar_grove,
          dreamdust_wishing_well
D:3:      layout_loops_ring, mainiacjoe_overflow_catwalk,
          nicolae_elevator_lobby_plus
D:4:      layout_gridville, uniq_edmund, uniq_robin

Skill      XL: |  1  2  3  4 |
---------------+-------------+-----
Axes           | 4 5 |  5.3
Fighting       | 4 |  4.7
Dodging        | 2 |  2.4
Armour         | |  0.1
Spellcasting   | |  1.0
Fire Magic     | |  2.5

Action                     |  1- 3 |  4- 6 || total
---------------------------+-------+-------++-------
  Melee: Hand axe          |    69 |    25 ||    94
         Headbutt          |     9 |     4 ||    13
 Invoke: Fiery Armour      |       |     1 ||     1
    Use: Scroll            |     3 |     1 ||     4
 Armour: Robe              |    30 |       ||    30
         Scale mail        |     4 |    17 ||    21
  Dodge: Dodged            |    44 |    35 ||    79

Table legend: (Time is in decaauts)
 A = Elapsed time spent in this place.
 B = Non-inter-level travel time spent in this place.
 C = Inter-level travel time spent in this place.
 D = Time resting spent in this place.
 E = Time spent auto-exploring this place.
 F = Levels seen in this place.
 G = Mean time per level.
                   A        B        C        D        E       F      G
               +--------+--------+--------+--------+--------+-----+--------+
         Total |   2119 |   1983 |    136 |      0 |   1703 |   4 |  529.8 |
       Dungeon |   2119 |   1983 |    136 |      0 |   1703 |   4 |  529.8 |
               +--------+--------+--------+--------+--------+-----+--------+

Top non-repeatable levels by time:
     D:3: 760 daAuts
     D:2: 708 daAuts
     D:1: 637 daAuts
     D:4: 13 daAuts
